 Dungeon Crawl Stone Soup version 0.29-a0-993-g4a18f31a58 (webtiles) character file.

Game seed: 6567195626242342094

93 flotson the Sneak (level 4, -1/35 HPs)
             Began as a Demonspawn Delver on Aug 2, 2022.
             Slain by an iguana (2 damage)
             ... on level 4 of the Dungeon.
             The game lasted 00:03:48 (2064 turns).

flotson the Sneak (Demonspawn Delver)               Turns: 2064, Time: 00:03:48

Health: -1/35      AC: 10    Str: 14    XL:     4   Next: 36%
Magic:  4/4        EV: 10    Int: 12    God:
Gold:   177        SH:  4    Dex: 14    Spells: 3/3 levels left

rFire   . . .      SeeInvis .   b - +2 whip (vamp)
rCold   + . .      Faith    .   (no shield)
rNeg    . . .      Spirit   .   l - +0 scale mail {rC+}
rPois   .          Reflect  .   (no helmet)
rElec   .          Harm     .   (no cloak)
rCorr   .          Rampage  .   (no gloves)
Will    .....                   (no boots)
Stlth   +.........              (no amulet)
HPRegen 0.11/turn               q - ring of flight
MPRegen 0.18/turn               (no ring)

@: flying
A: icemail 1, magic regeneration, condensation shield
a: no special abilities


You were on level 4 of the Dungeon.
You visited 1 branch of the dungeon, and saw 5 of its levels.

You collected 177 gold pieces.

Inventory:

Hand Weapons
 a - a +1 short sword of venom
 b - a +2 vampiric whip (weapon)
 s - a +0 spear
Missiles
 k - 5 poisoned darts (quivered)
Armour
 l - a +0 scale mail of cold resistance (worn)
Jewellery
 q - a ring of flight (left hand)
Wands
 g - a wand of digging (3)
 h - a wand of flame (17)
Scrolls
 c - 2 scrolls of fog
 d - a scroll of magic mapping
 e - a scroll of fear
 i - a scroll of brand weapon {unknown}
 j - 3 scrolls of teleportation {unknown}
 m - 2 scrolls of identify {unknown}
 n - a scroll of noise {unknown}
 o - a scroll of summoning {unknown}
 r - a scroll of vulnerability {unknown}
 t - a scroll of blinking {unknown}
Potions
 f - a potion of haste
 p - a potion of invisibility {unknown}


   Skills:
 + Level 3.5 Fighting
 + Level 0.0(1.0) Axes
 - Level 1.7 Polearms
 + Level 1.3 Throwing
 + Level 1.3 Armour
 + Level 2.4 Dodging
 - Level 4.5 Stealth
 + Level 1.5 Evocations


You had 3 spell levels left.
You didn't know any spells.
Your spell library was empty.

Dungeon Overview and Level Annotations

Branches:
Dungeon (5/15)
 Temple: D:4-7

Altars:
Cheibriados


Innate Abilities, Weirdness & Mutations

A meltable icy envelope protects you from harm. (AC +4)
You regenerate magic rapidly.
A meltable shield of frost defends you. (SH +4)


Message History

The iguana is moderately wounded.
The iguana barely misses you.
You closely miss the iguana.
The iguana is moderately wounded.
The iguana barely misses you.
You barely miss the iguana.
The iguana is moderately wounded.
The iguana bites you. x2
You barely miss the iguana.
The iguana is moderately wounded.
The iguana bites you but does no damage.
You hit the iguana.
The iguana is heavily wounded.
The iguana bites you!
You are too injured to fight recklessly!
You are too injured to fight recklessly!
You are too injured to fight recklessly!
You are too injured to fight recklessly!
You are too injured to fight recklessly!
You are too injured to fight recklessly!
You are too injured to fight recklessly!
You are too injured to fight recklessly!
You hit the iguana.
You feel better.
The iguana is severely wounded.
The iguana bites you.
* * * LOW HITPOINT WARNING * * *
You barely miss the iguana.
The iguana is severely wounded.
You block the iguana's attack.
You barely miss the iguana.
The iguana is severely wounded.
The iguana bites you!
* * * LOW HITPOINT WARNING * * *
You barely miss the iguana.
The iguana is severely wounded.
The iguana misses you.
You hit the iguana but do no damage.
The iguana is severely wounded.
The iguana bites you.
You die...

.........<...(....
...........####..#
..........# ..# .
.........####.### ..
.......)........#...
........#...##......
...$...####.........
.......##.......?...
......(#...@l.(....#
....................
..##..<..#.........
...#..#.........
..###........... .#
##..........
##.........
.........


You could see an iguana.

Vanquished Creatures
  3 adders
  A gnoll (D:1)
  2 worms (D:2)
  2 dart slugs
  6 endoplasms
  A giant cockroach (D:2)
  2 goblins (D:1)
  3 hobgoblins
  3 jackals (D:2)
  5 kobolds
  A quokka (D:4)
  8 ball pythons
  A bat (D:2)
  3 frilled lizards
  4 rats
45 creatures vanquished.

Vanquished Creatures (others)
  A ghoul (D:1)
  A draconian (D:1)
  An elf (D:1)
  A formicid (D:1)
  A spriggan (D:1)
  2 nagas (D:1)
  A demigod (D:1)
  A tengu (D:1)
  2 ogres (D:1)
  A gnoll (D:1)
  9 tentacles (D:1)
21 creatures vanquished.

Grand Total: 66 creatures vanquished

Notes
Turn   | Place    | Note
-------+----------+-------------------------------------------
     0 | D:5      | flotson the Demonspawn Delver began the quest for the Orb.
     0 | D:5      | Reached XP level 1. HP: 18/18 MP: 1/1
    29 | D:5      | Noticed a jelly
    29 | D:5      | Noticed a scorpion
    47 | D:5      | Found a snail-covered altar of Cheibriados.
    93 | D:5      | Noticed an iguana
   104 | D:4      | Noticed an iguana
   169 | D:1      | Killed a tengu
   170 | D:1      | Killed an elf
   170 | D:1      | Killed an ogre
   171 | D:1      | Killed an ogre
   171 | D:1      | Killed a naga
   172 | D:1      | Killed a draconian
   173 | D:1      | Killed a spriggan
   173 | D:1      | Killed a formicid
   175 | D:1      | Killed a demigod
   176 | D:1      | Killed a naga
   184 | D:1      | Killed a ghoul
   310 | D:1      | Noticed a kraken
   464 | D:1      | Gained mutation: A meltable shield of frost defends you.
                  | (SH +4) [demonic ancestry]
   464 | D:1      | Reached XP level 2. HP: 22/24 MP: 2/2
   855 | D:1      | Reached skill level 1 in Evocations
  1049 | D:2      | Gained mutation: A meltable icy envelope protects you from
                  | harm. (AC +4) [demonic ancestry]
  1049 | D:2      | Reached XP level 3. HP: 29/29 MP: 3/3
  1053 | D:2      | Found a faded altar of an unknown god.
  1086 | D:2      | Reached skill level 1 in Armour
  1151 | D:2      | Reached skill level 1 in Throwing
  1704 | D:2      | Gained mutation: You regenerate magic rapidly. [demonic
                  | ancestry]
  1704 | D:2      | Reached XP level 4. HP: 33/35 MP: 4/4
  2037 | D:3      | You are sucked into a shaft and drop 1 floor!
  2062 | D:4      | HP: 1/35 [iguana (8)]
  2064 | D:4      | Slain by an iguana

Illustrated notes

Levels and vault maps discovered:
D:1:      nicolae_arrival_kraken_aquarium_a, layout_loops_cross, grunt_decor_cap
D:2:      layout_loops_ring, hellmonk_ecumenical_altar_lost_god
D:3:      layout_rooms, serial_shops, nicolae_shop_trees
D:4:      layout_cave_pools, minmay_temple_entry_from_below_a, st_stairs_3,
          minmay_manual_mandibuliform
D:5:      layout_basic, cheibriados_altar_1, kennysheep_mini,
          amcnicky_altar_gilded

Skill      XL: |  1  2  3 |
---------------+----------+-----
Dodging        | 2 |  2.4
Evocations     | 1 |  1.5
Armour         | 1 |  1.3
Throwing       | 1 |  1.3
Fighting       | |  3.5
Polearms       | |  1.7
Stealth        | |  4.5

Action                   |  1- 3 |  4- 6 || total
-------------------------+-------+-------++-------
Melee: Spear             |    33 |       ||    33
       Short sword       |    69 |    19 ||    88
       Whip              |       |    34 ||    34
       Punch             |       |     1 ||     1
 Stab: Sleeping          |     2 |       ||     2
Armor: Scale mail        |    33 |    18 ||    51
       Leather armour    |     1 |       ||     1
Dodge: Dodged            |    29 |    21 ||    50
Block: Other             |    12 |    12 ||    24

Table legend: (Time is in decaauts)
 A = Elapsed time spent in this place.
 B = Non-inter-level travel time spent in this place.
 C = Inter-level travel time spent in this place.
 D = Time resting spent in this place.
 E = Time spent auto-exploring this place.
 F = Levels seen in this place.
 G = Mean time per level.
                   A        B        C        D        E       F      G
               +--------+--------+--------+--------+--------+-----+--------+
         Total |   2072 |   2049 |     23 |      0 |   1569 |   5 |  414.4 |
       Dungeon |   2072 |   2049 |     23 |      0 |   1569 |   5 |  414.4 |
               +--------+--------+--------+--------+--------+-----+--------+

Top non-repeatable levels by time:
     D:2: 902 daAuts
     D:1: 864 daAuts
     D:3: 159 daAuts
     D:5: 104 daAuts
     D:4: 42 daAuts
